 Dungeon Crawl Stone Soup version 0.26-a0-752-gcff87cac9a (webtiles) character file.

Game seed: 73952055679540834

488 Gargoyl the Skirmisher (level 7, -2/60 HPs)
             Began as a Gnoll Abyssal Knight on Nov 6, 2020.
             Was a Priest of Lugonu.
             Slain by an orc wizard
             ... wielding a +0 dagger
              (4 damage)
             ... on level 5 of the Dungeon.
             The game lasted 00:06:39 (4495 turns).

Gargoyl the Skirmisher (Gnoll Abyssal Knight)       Turns: 4495, Time: 00:06:39

Health: -2/60      AC: 14    Str: 16    XL:     7   Next: 13%
Magic:  10/10      EV:  9    Int: 13    God:    Lugonu [***...]
Gold:   274        SH:  0    Dex: 14    Spells: 10/10 levels left

rFire    . . .     SeeInvis .   k - +0 falchion (venom)
rCold    + . .     Faith    .   (no shield)
rNeg     . . .     Spirit   .   m - +1 chain mail
rPois    +         Reflect  .   q - +0 helmet (curse)
rElec    .         Harm     .   (no cloak)
rCorr    .         Rampage  .   o - +0 pair of gloves
MR       +....                  p - +0 pair of boots
Stlth    ..........             (no amulet)
HPRegen  0.20/turn              c - ring of protection from cold
MPRegen  0.12/turn              t - ring "Rimom" {Wiz +Inv rPois MR+}

@: no status effects
A: distributed training, fangs 1, dopey 1, sturdy frame 1, strong nose
a: Depart the Abyss, Bend Space, Banish, Renounce Religion, Evoke Invisibility


You were on level 5 of the Dungeon.
You worshipped Lugonu.
Lugonu was most pleased with you.
You visited 1 branch of the dungeon, and saw 5 of its levels.
You visited the Abyss 1 time.

You collected 274 gold pieces.

Inventory:

Hand Weapons
 a - a +3 hand axe
 k - a +0 falchion of venom (weapon)
Missiles
 d - 11 poisoned darts (quivered)
Armour
 m - a +1 chain mail (worn)
 o - a +0 pair of gloves (worn)
 p - a +0 pair of boots (worn)
 q - a cursed +0 helmet (worn)
Jewellery
 c - a ring of protection from cold (left hand)
 t - the ring "Rimom" (right hand) {Wiz +Inv rPois MR+}
   (You found it on level 5 of the Dungeon)

   [ring of wizardry]

   It improves your spell success rate.
   It protects you from poison.
   It affects your resistance to hostile enchantments.
   It lets you turn invisible.
Scrolls
 f - 2 scrolls of identify
 n - a scroll of enchant armour
 s - a scroll of blinking
Potions
 b - a potion of brilliance
 e - a potion of might {unknown}
 g - 2 potions of haste {unknown}
 h - a potion of lignification
 i - a potion of heal wounds {unknown}
 j - a potion of invisibility
 l - a potion of degeneration {unknown}
 r - a potion of magic
 u - a potion of mutation


   Skills:
 + Level 7.0 Fighting
 + Level 2.3 Short Blades
 + Level 2.3 Long Blades
 + Level 5.1 Axes
 + Level 2.3 Maces & Flails
 + Level 2.3 Polearms
 + Level 2.3 Staves
 + Level 2.3 Slings
 + Level 2.3 Bows
 + Level 2.3 Crossbows
 + Level 2.3 Throwing
 + Level 5.1 Armour
 + Level 3.5 Dodging
 + Level 2.3 Stealth
 + Level 2.3 Shields
 + Level 2.3 Unarmed Combat
 + Level 2.3 Spellcasting
 + Level 1.8 Conjurations
 + Level 1.8 Hexes
 + Level 1.8 Summonings
 + Level 1.8 Necromancy
 + Level 1.8 Translocations
 + Level 1.8 Transmutations
 + Level 1.8 Fire Magic
 + Level 1.8 Ice Magic
 + Level 1.8 Air Magic
 + Level 1.8 Earth Magic
 + Level 1.8 Poison Magic
 + Level 5.3 Invocations
 + Level 2.3 Evocations


You had 10 spell levels left.
You didn't know any spells.
Your spell library was empty.

Dungeon Overview and Level Annotations

Branches:
Dungeon (5/15)             Temple (0/1) D:5

Altars:
Nemelex Xobeh


Innate Abilities, Weirdness & Mutations

Your experience applies equally to all skills.
You have very sharp teeth.
Your uncanny sense of smell can sniff out nearby items.
You are dopey. (Int -2)
Your movements are slightly less encumbered by armour. (ER -2)


Message History

Beogh smites you!
* * * LOW HITPOINT WARNING * * *
The orc priest hits you with a +0 dagger.
* * * LOW HITPOINT WARNING * * *
You hit the orc priest.
You kill the orc priest!
Lugonu accepts your kill.
Your Fighting skill increases to level 7!
You closely miss something. Something hits you but does no damage.
Unknown command.
You miss something.
Something hits you but does no damage. x2
You miss something. You bite something.
An orc wizard appears from thin air!
Reactivating autopickup.
The orc wizard casts a spell at you. The puff of flame hits you!
* * * LOW HITPOINT WARNING * * *
You hit the orc wizard but do no damage.
The orc wizard is poisoned.
The orc wizard hits you with a +0 dagger.
You die...

#.#
#.#
#.#
####(#
#....#
#.####
#.#
#.#
#@#
#o#
#.#
#.#
#.#
#.#
#.#
#..


You could see an orc wizard (very poisoned).

Vanquished Creatures
  An ogre (D:4)
  A hound (D:4)
  An orc priest (D:5)
  A bullfrog skeleton (D:5)
  An iron imp (Abyss:1)
  2 orc wizards (D:3)
  2 worker ants
  A hound skeleton (D:5)
  5 adders
  A white imp (D:5)
  3 oozes
  An adder skeleton (D:4)
  A worm (D:2)
  3 dart slugs (D:4)
  5 leopard geckos
  8 orcs
  4 ball pythons
  2 giant cockroaches
  7 goblins
  10 hobgoblins
  4 jackals (D:1)
  8 kobolds
  A quokka (D:2)
  9 bats
  9 frilled lizards
  5 rats
96 creatures vanquished.

Notes
Turn   | Place    | Note
-------+----------+-------------------------------------------
     0 | Abyss:1  | Gargoyl the Gnoll Abyssal Knight began the quest for the
                  | Orb.
     0 | Abyss:1  | Reached XP level 1. HP: 23/23 MP: 3/3
   225 | Abyss:1  | Noticed a neqoxec
   231 | Abyss:1  | Noticed an apocalypse crab
   233 | Abyss:1  | Noticed an iron imp
   235 | Abyss:1  | Gained mutation: You are somewhat resistant to further
                  | mutation. [a neqoxec]
   255 | Abyss:1  | Killed an iron imp
   255 | Abyss:1  | Reached XP level 2. HP: 3/29 MP: 5/5
   255 | Abyss:1  | Reached XP level 3. HP: 4/35 MP: 6/6
   256 | D:1      | Escaped the Abyss
   692 | D:1      | Reached * piety under Lugonu
  1078 | D:1      | Reached skill level 1 in Short Blades
  1078 | D:1      | Reached skill level 1 in Long Blades
  1078 | D:1      | Reached skill level 1 in Maces & Flails
  1078 | D:1      | Reached skill level 1 in Polearms
  1078 | D:1      | Reached skill level 1 in Staves
  1078 | D:1      | Reached skill level 1 in Slings
  1078 | D:1      | Reached skill level 1 in Bows
  1078 | D:1      | Reached skill level 1 in Crossbows
  1078 | D:1      | Reached skill level 1 in Throwing
  1078 | D:1      | Reached skill level 1 in Stealth
  1078 | D:1      | Reached skill level 1 in Shields
  1078 | D:1      | Reached skill level 1 in Unarmed Combat
  1078 | D:1      | Reached skill level 1 in Spellcasting
  1078 | D:1      | Reached skill level 1 in Evocations
  1123 | D:1      | Reached XP level 4. HP: 39/41 MP: 7/7
  1767 | D:2      | Reached ** piety under Lugonu
  1776 | D:2      | Reached skill level 1 in Conjurations
  1776 | D:2      | Reached skill level 1 in Hexes
  1776 | D:2      | Reached skill level 1 in Summonings
  1776 | D:2      | Reached skill level 1 in Necromancy
  1776 | D:2      | Reached skill level 1 in Translocations
  1776 | D:2      | Reached skill level 1 in Transmutations
  1776 | D:2      | Reached skill level 1 in Fire Magic
  1776 | D:2      | Reached skill level 1 in Ice Magic
  1776 | D:2      | Reached skill level 1 in Air Magic
  1776 | D:2      | Reached skill level 1 in Earth Magic
  1776 | D:2      | Reached skill level 1 in Poison Magic
  2222 | D:2      | Reached XP level 5. HP: 47/47 MP: 8/8
  2581 | D:3      | Lost mutation: You are somewhat resistant to further
                  | mutation. [potion of mutation]
  2581 | D:3      | Gained mutation: You are dopey. (Int -2) [potion of
                  | mutation]
  2581 | D:3      | Gained mutation: Your movements are slightly less
                  | encumbered by armour. (ER -2) [potion of mutation]
  3180 | D:3      | Reached skill level 5 in Invocations
  3378 | D:4      | Reached XP level 6. HP: 53/53 MP: 9/9
  3397 | D:4      | Reached skill level 5 in Axes
  3397 | D:4      | Reached skill level 5 in Armour
  4015 | D:5      | Entered Level 5 of the Dungeon
  4044 | D:5      | Found a sparkling altar of Nemelex Xobeh.
  4141 | D:5      | Reached *** piety under Lugonu
  4293 | D:5      | Got a masterwork short sword
  4301 | D:5      | Reached XP level 7. HP: 55/59 MP: 10/10
  4302 | D:5      | Identified the +7 short sword "Balleur" {flame, *Corrode
                  | rC+ Int+5 Dex-5} (You found it on level 5 of the Dungeon)
  4372 | D:5      | Got a translucent silver ring
  4373 | D:5      | Identified the ring "Rimom" {Wiz +Inv rPois MR+} (You found
                  | it on level 5 of the Dungeon)
  4397 | D:5      | Found a staircase to the Ecumenical Temple.
  4491 | D:5      | Reached skill level 7 in Fighting
  4494 | D:5      | HP: 2/60 [orc wizard/puff of flame (10)]
  4495 | D:5      | Slain by an orc wizard

Illustrated notes

Levels and vault maps discovered:
D:1:      onia_arrival_mini_maze, layout_rooms
D:2:      layout_basic, kennysheep_generic_room_13
D:3:      layout_loops_ring
D:4:      layout_loops_ring
D:5:      layout_loops_ring, lemuel_crystal_altar,
          minmay_temple_entry_nine_rooms, basic_altar, uniq_sigmund

Skill      XL: |  1  2  3  4  5  6  7 |
---------------+----------------------+-----
Short Blades   | 1 2 |  2.3
Long Blades    | 1 2 |  2.3
Maces & Flails | 1 2 |  2.3
Polearms       | 1 2 |  2.3
Staves         | 1 2 |  2.3
Slings         | 1 2 |  2.3
Bows           | 1 2 |  2.3
Crossbows      | 1 2 |  2.3
Throwing       | 1 2 |  2.3
Stealth        | 1 2 |  2.3
Shields        | 1 2 |  2.3
Unarmed Combat | 1 2 |  2.3
Spellcasting   | 1 2 |  2.3
Evocations     | 1 2 |  2.3
Conjurations   | 1 |  1.8
Hexes          | 1 |  1.8
Summonings     | 1 |  1.8
Necromancy     | 1 |  1.8
Translocations | 1 |  1.8
Transmutations | 1 |  1.8
Fire Magic     | 1 |  1.8
Ice Magic      | 1 |  1.8
Air Magic      | 1 |  1.8
Earth Magic    | 1 |  1.8
Poison Magic   | 1 |  1.8
Dodging        | 3 |  3.5
Invocations    | 5 |  5.3
Axes           | 5 |  5.1
Armour         | 5 |  5.1
Fighting       | 7 |  7.0

Action                   |  1- 3 |  4- 6 |  7- 9 || total
-------------------------+-------+-------+-------++-------
Melee: Hand axe          |    66 |   176 |       ||   242
       Bite              |     3 |    24 |     5 ||    32
       Falchion          |       |    63 |    26 ||    89
       Punch             |       |     1 |       ||     1
Throw: Dart              |       |     2 |       ||     2
Invok: Depart the Abyss  |     1 |       |       ||     1
  Use: Potion            |     2 |     1 |       ||     3
       Scroll            |     1 |    11 |       ||    12
Armor: Leather armour    |    23 |    29 |       ||    52
       Chain mail        |       |    88 |    12 ||   100
Dodge: Dodged            |    60 |   125 |     5 ||   190
       Rpst.: Falchion   |       |    14 |     2 ||    16

Table legend: (Time is in decaauts)
 A = Elapsed time spent in this place.
 B = Non-inter-level travel time spent in this place.
 C = Inter-level travel time spent in this place.
 D = Time resting spent in this place.
 E = Time spent auto-exploring this place.
 F = Levels seen in this place.
 G = Mean time per level.
                   A        B        C        D        E       F      G
               +--------+--------+--------+--------+--------+-----+--------+
         Total |   4513 |   4409 |    104 |    309 |   3149 |   6 |  752.2 |
       Dungeon |   4261 |   4157 |    104 |    280 |   2961 |   5 |  852.2 |
         Abyss |    252 |    252 |      0 |     28 |    188 |   1 |  252.0 |
               +--------+--------+--------+--------+--------+-----+--------+

Top non-repeatable levels by time:
     D:1: 1261 daAuts
     D:2: 1064 daAuts
     D:4: 805 daAuts
     D:3: 643 daAuts
     D:5: 486 daAuts
 Abyss:1: 252 daAuts
